Cogmind - Beta 13 @@@ ROGUE MODE // 2024.03.09 @ 15:43:16 Player: Mogwok Wargfriend Result: Destroyed by C-17 Slicer with Blade Saw Performance ------------- Evolutions (3) 1500 Regions Visited (5) 1000 Robots Destroyed (28) 140 Value Destroyed (660) 660 Prototype IDs (3) 60 Alien Tech Used (0) 0 Bonus (500) 500 TOTAL SCORE: 3860 Bonus ------- Entered DSFs 500 Cogmind --------- Core Integrity 0/700 Matter 210/300 Energy 83/100 System Corruption 0% Temperature Cool (0) Movement Core (50) Location -7/DSF Parts ------- > --- POWER (1) -------- (None) > --- PROPULSION (4) --- Compact Wheel Cesium-ion Thruster > --- UTILITY (6) ------ Advanced Visual Processing Unit System Shield System Shield > --- WEAPON (2) ------- (None) > --- INVENTORY (5) ---- Improved Aluminum Leg Disposable Heat Sink Large Battery (116) Authchip [Processor] Peak State ------------ > --- POWER ------------ (None) > --- PROPULSION ------- Airjet > --- UTILITY ---------- Advanced Visual Processing Unit Advanced Visual Processing Unit Hacking Suite Hacking Suite System Shield System Shield > --- WEAPON ----------- Remote Datajack > --- INVENTORY -------- Improved Aluminum Leg Disposable Heat Sink [Rating: 25] Favorites ----------- Power Light Ion Engine Engine Light Ion Engine Power Core Light Nuclear Core Propulsion Improved Aluminum Leg Leg Improved Aluminum Leg Wheel Armored Wheel Hover Unit Airjet Flight Unit Flight Unit Utility Disposable Heat Sink Device Disposable Heat Sink Storage Small Storage Unit Processor Advanced Visual Processing Unit Hackware Hacking Suite Weapon EM Shotgun Energy Gun EM Shotgun Ballistic Gun Assault Rifle Launcher Mini Grenade Launcher Special Weapon Remote Datajack Special Melee Weapon Datajack Build | -11 -10 -9 -8 -7 -7 ------- Run | Yrd Mat Mat Mat Fac DSF Slots Evolved 6 | . . 2 2 2 . Power . | . . . . . . Propulsion 2 | . . 1 . 1 . Utility 4 | . . 1 2 1 . Weapon . | . . . . . . Parts Attached 58 | 7 20 7 13 5 6 Power 7 | 1 4 1 1 . . Engine 6 | 1 3 1 1 . . Core 1 | . 1 . . . . Reactor . | . . . . . . Propulsion 21 | 3 5 2 4 1 6 Treads . | . . . . . . Leg 5 | 2 2 1 . . . Wheel 4 | 1 . . . . 3 Hover 1 | . . . . 1 . Flight 11 | . 3 1 4 . 3 Utility 15 | 1 5 1 5 3 . Device 6 | . 4 . 2 . . Storage 2 | 1 1 . . . . Processor 3 | . . 1 2 . . Hackware 4 | . . . 1 3 . Protection . | . . . . . . Artifact . | . . . . . . Weapon 15 | 2 6 3 3 1 . Energy Gun 8 | 1 6 1 . . . Energy Cannon . | . . . . . . Ballistic Gun 1 | 1 . . . . . Ballistic Cannon . | . . . . . . Launcher 4 | . . 2 2 . . Special Weapon 1 | . . . . 1 . Impact Weapon . | . . . . . . Slashing Weapon . | . . . . . . Piercing Weapon . | . . . . . . Special Melee Weapon 1 | . . . 1 . . Unidentified Prototypes 1 | . . . 1 . . Parts Lost 22 | . 2 2 13 . 5 Power 4 | . 1 1 2 . . Propulsion 8 | . . . 5 . 3 Utility 4 | . . . 2 . 2 Weapon 6 | . 1 1 4 . . Highest Loss Streak 7 | . 1 2 7 . 5 To Critical Strikes . | . . . . . . Average Slot Usage (%) 84 | . 94 78 86 53 51 Engine 4 | . 4 10 3 . . Core 5 | . 9 . . . . Leg 13 | . 23 . . . . Flight 9 | . 4 26 25 . 4 Device 13 | . 12 22 21 . . Storage 6 | . 12 . . . . Processor 6 | . . 8 18 15 11 Hackware 5 | . . . 5 29 24 Energy Gun 13 | . 23 7 . . . Ballistic Gun 1 | . 2 . . . . Launcher 1 | . . 3 8 . . Naked Turns . | . . . . . . Heaviest Build 23 | 12 23 8 10 3 3 Greatest Support 26 | 20 26 12 13 3 3 Greatest Overweight (x) 4 | . 4 . 1 . . Average Overweight (x) . | . . . . . . Largest Inventory Capacity 10 | 8 10 5 5 5 5 Average Capacity 6 | 7 8 5 5 5 5 Most Carried 9 | 4 9 5 5 3 4 Average Carried 5 | 2 7 4 4 2 3 Final Capacity 8 | 8 5 5 5 5 5 Final Carried 5 | 4 4 5 4 2 4 Class Distribution -------------------- 69% | Mutant 14% | Hacker-Mutant 9% | Sprinter 3% | Scavenger-Mutant Dominant Class ---------------- Mutant | -10/Materials Mutant | -9/Materials Sprinter | -8/Materials Hacker-Mutant | -7/Factory Hacker-Mutant | -7/DSF Resources | -11 -10 -9 -8 -7 -7 ----------- Run | Yrd Mat Mat Mat Fac DSF Matter Collected 755 | 246 239 . 264 . 6 Remotely . | . . . . . . Salvage Created 738 | . 540 12 186 . . Parts 58 | . 39 3 16 . . Haulers Intercepted 1 | . 1 . . . . Recyclers Shooed 2 | . 1 . 1 . . Parts Field Recycled . | . . . . . . Retrieved Matter . | . . . . . . Parts Self-Destructed . | . . . . . . Prevented . | . . . . . . Kills | -11 -10 -9 -8 -7 -7 ------- Run | Yrd Mat Mat Mat Fac DSF Combat Hostiles Destroyed 15 | . 9 2 4 . . Guns 9 | . 9 . . . . AOE 6 | . . 2 4 . . Classes Destroyed 10 | . 8 . 2 . . Worker 2 | . 1 . 1 . . Builder 1 | . 1 . . . . Tunneler 2 | . 1 . 1 . . Hauler 1 | . 1 . . . . Mechanic 1 | . . . 1 . . Operator 3 | . 2 . 1 . . Watcher 3 | . 2 . 1 . . Swarmer 5 | . 3 2 . . . Grunt 9 | . 6 . 3 . . Sentry 1 | . . . 1 . . Best Kill Streak 9 | . 6 2 9 . . Combat Bots Only 4 | . 4 2 4 . . Max Kills in Single Turn 3 | . 2 1 3 . . Gunslinging . | . . . . . . Exploded 2 | . . 1 2 . . Melee . | . . . . . . Uniques/NPCs Destroyed . | . . . . . . Combat | -11 -10 -9 -8 -7 -7 -------- Run | Yrd Mat Mat Mat Fac DSF Hostile Shots Fired 240 | . 66 52 63 15 44 Missed 97 | . 13 31 32 8 13 Damage Taken 2470 | . 602 258 657 52 901 Core 1080 | . 95 104 180 46 655 Absorbed by Shields . | . . . . . . Regen/Repaired (Parts) 14 | . 14 . . . . Core Remaining (%) 75 | 100 62 74 67 . . Volleys Fired 59 | . 45 3 10 . 1 Largest 2 | . 2 1 1 . 1 Hottest 95 | . 95 30 30 . 5 Shots Fired 101 | . 87 3 10 . 1 Gun 87 | . 87 . . . . Cannon . | . . . . . . Launcher 13 | . . 3 10 . . Special 1 | . . . . . 1 Kinetic 15 | . 15 . . . . Thermal 16 | . 16 . . . . Explosive 13 | . . 3 10 . . Electromagnetic 56 | . 56 . . . . Robot Hit Streak 15 | . 15 1 4 . 1 Robot Miss Streak 4 | . 4 . 3 . . Penetration Max . | . . . . . . Secondary Targets 1 | . 1 . . . . Max Gunslinging Chain 1 | . 1 . . . . Shots Hit Robots 70 | . 65 1 3 . 1 Core Hits 53 | . 32 2 19 . . Critical Kills . | . . . . . . Critical Parts Destroyed . | . . . . . . Critical Strikes 2 | . 2 . . . . Burn 2 | . 2 . . . . Melee Attacks . | . . . . . . Impact . | . . . . . . Slashing . | . . . . . . Piercing . | . . . . . . Sneak Attacks . | . . . . . . Combat Hostiles . | . . . . . . Follow-up Attacks . | . . . . . . Damage Inflicted 1649 | . 885 107 657 . . Guns 885 | . 885 . . . . Cannons . | . . . . . . Explosions 764 | . . 107 657 . . Melee . | . . . . . . Ramming . | . . . . . . Kinetic 101 | . 101 . . . . Thermal 204 | . 139 . 65 . . Explosive 699 | . . 107 592 . . Electromagnetic 645 | . 645 . . . . Impact . | . . . . . . Slashing . | . . . . . . Piercing . | . . . . . . Highest Corruption 2 | . . 2 . . . Average Corruption 2 | . . 2 . . . Corruption Purged . | . . . . . . Corruption Blocked . | . . . . . . Overload Shots . | . . . . . . Overflow Damage 29 | . . . 29 . . Projectiles . | . . . . . . Explosions 29 | . . . 29 . . Melee . | . . . . . . Knockbacks . | . . . . . . Impact . | . . . . . . Kinetic . | . . . . . . Secondary . | . . . . . . Self-Inflicted Damage 48 | . . . 48 . . Shots 1 | . . . 1 . . Rammed 1 | . . . 1 . . Targets Rammed 1 | . . . 1 . . Kicked . | . . . . . . Crushed . | . . . . . . Highest Temperature 198 | . 198 11 4 . . Average Temperature 67 | . 69 10 2 . . Received Heat Transfer 543 | . 285 120 126 12 . Siege Activations . | . . . . . . Robots Corrupted . | . . . . . . Combat Hostiles . | . . . . . . Parts Fried 1 | . 1 . . . . Impact Corruptions . | . . . . . . Robots Melted . | . . . . . . Combat Hostiles . | . . . . . . Parts Melted . | . . . . . . Heat Transferred 655 | . 555 . 100 . . Parts Sabotaged . | . . . . . . Parts Stolen . | . . . . . . Parts Stripped . | . . . . . . Power Chain Reactions . | . . . . . . Alert | -11 -10 -9 -8 -7 -7 ------- Run | Yrd Mat Mat Mat Fac DSF Peak Influence 626 | . 300 303 626 304 212 Initial 259 | . . 63 125 259 212 Average 163 | . 77 169 410 264 198 Maximum Alert Level 2 | . 1 1 2 1 1 Low Security (%) 61 | 100 83 58 24 . 37 Level 1 27 | . 16 41 5 100 62 Level 2 11 | . . . 70 . . Level 3 . | . . . . . . Level 4 . | . . . . . . Level 5 . | . . . . . . High Security . | . . . . . . Max Security . | . . . . . . Squads Dispatched 14 | . 5 5 2 . 2 Investigation 4 | . 2 2 . . . Extermination . | . . . . . . Reinforcement 10 | . 3 3 2 . 2 Assault . | . . . . . . Garrison . | . . . . . . Intercept . | . . . . . . Searches Triggered . | . . . . . . Construction Impeded . | . . . . . . Haulers Reinforced . | . . . . . . Active Scanning Responses . | . . . . . . Cargo Convoy Interrupts . | . . . . . . Stealth | -11 -10 -9 -8 -7 -7 --------- Run | Yrd Mat Mat Mat Fac DSF Distress Signals 7 | . 1 2 4 . . Communications Jammed . | . . . . . . Distress Signals . | . . . . . . Times Spotted 99 | . 29 30 32 2 6 Peak Tracking Total 17 | . 6 17 13 1 5 Tactical Retreats 15 | . 4 3 6 1 1 Traps | -11 -10 -9 -8 -7 -7 ------- Run | Yrd Mat Mat Mat Fac DSF Traps Triggered 7 | . 2 3 1 . 1 Indirectly . | . . . . . . Trap Hack Attempts . | . . . . . . Triggered . | . . . . . . Disarmed . | . . . . . . Reprogrammed . | . . . . . . Reused . | . . . . . . Traps Extracted . | . . . . . . Installed . | . . . . . . Triggered . | . . . . . . Machines | -11 -10 -9 -8 -7 -7 ---------- Run | Yrd Mat Mat Mat Fac DSF Machines Disabled 5 | . . 1 4 . . Max in Single Turn 4 | . . 1 4 . . Machines Repaired . | . . . . . . Machines Dismantled . | . . . . . . Machines Sabotaged . | . . . . . . Overloaded Fab Kills . | . . . . . . Hacking | -11 -10 -9 -8 -7 -7 --------- Run | Yrd Mat Mat Mat Fac DSF Machines Accessed 16 | . 8 3 3 2 . Terminals 12 | . 5 3 3 1 . Fabricators . | . . . . . . Repair Stations 1 | . 1 . . . . Recycling Units 2 | . 2 . . . . Scanalyzers . | . . . . . . Garrison Access 1 | . . . . 1 . Total Hacks 41 | . 21 8 6 6 . Successful 19 | . 11 3 3 2 . Failed 22 | . 10 5 3 4 . Catastrophic 3 | . 1 . 1 1 . Database Lockouts . | . . . . . . Manual 27 | . 13 8 5 1 . Terminals 30 | . 15 8 6 1 . Fabricators . | . . . . . . Repair Stations 2 | . 2 . . . . Recycling Units 4 | . 4 . . . . Scanalyzers . | . . . . . . Garrison Access 5 | . . . . 5 . Terminal Hacks 7 | . 4 1 1 1 . Record 1 | . . . 1 . . Robot Analysis 2 | . 2 . . . . Prototype ID Bank 1 | . 1 . . . . Open DSF 1 | . . . . 1 . Unreport Threat 2 | . 1 1 . . . Fabricator Hacks . | . . . . . . Repair Station Hacks 2 | . 2 . . . . Scan Component 1 | . 1 . . . . Repair 1 | . 1 . . . . Recycling Unit Hacks 3 | . 3 . . . . Report Inventory 3 | . 3 . . . . Scanalyzer . | . . . . . . Garrison Access Hacks 1 | . . . . 1 . Coupler Status 1 | . . . . 1 . Unauthorized Hacks 6 | . 2 2 2 . . Terminals 6 | . 2 2 2 . . Assimilate 6 | . 2 2 2 . . Fabricators . | . . . . . . Repair Stations . | . . . . . . Recycling Units . | . . . . . . Scanalyzers . | . . . . . . Garrison Access . | . . . . . . Data Cores Recovered 1 | . . . 1 . . Used . | . . . . . . Hacking Detections 14 | . 8 3 2 1 . Full Trace Events . | . . . . . . Feedback Events . | . . . . . . Feedback Blocked . | . . . . . . Robot Schematics Acquired . | . . . . . . Robots Built . | . . . . . . Authchips . | . . . . . . Time . | . . . . . . Total Robot Build Rating . | . . . . . . Part Schematics Acquired . | . . . . . . Parts Built . | . . . . . . Authchips . | . . . . . . Time . | . . . . . . Total Part Build Rating . | . . . . . . Parts Repaired 1 | . 1 . . . . Time 26 | . 26 . . . . Parts Recycled . | . . . . . . Recycled Matter . | . . . . . . Retrieved Matter . | . . . . . . Retrieved Components . | . . . . . . Parts Scanalyzed . | . . . . . . Part Schematics Acquired . | . . . . . . Parts Damaged . | . . . . . . Bothacking | -11 -10 -9 -8 -7 -7 ------------ Run | Yrd Mat Mat Mat Fac DSF Used RIF Installer . | . . . . . . Robots Hacked . | . . . . . . Non-combat . | . . . . . . Combat . | . . . . . . Robot Hacks Applied . | . . . . . . Relay Couplers Released . | . . . . . . Fabnet Peak Effective % . | . . . . . . Robots Rewired . | . . . . . . Allies Hacked . | . . . . . . Hacks Repelled . | . . . . . . Allies | -11 -10 -9 -8 -7 -7 -------- Run | Yrd Mat Mat Mat Fac DSF Total Allies . | . . . . . . Largest Group . | . . . . . . Highest-Rated Group . | . . . . . . Highest-Rated Ally . | . . . . . . Total Orders . | . . . . . . Ally Attacks . | . . . . . . Total Damage . | . . . . . . Kills . | . . . . . . Allies Corrupted . | . . . . . . Allies Melted . | . . . . . . Intel | -11 -10 -9 -8 -7 -7 ------- Run | Yrd Mat Mat Mat Fac DSF Robot Analysis Total 2 | . 2 . . . . Derelict Logs Recovered . | . . . . . . Drone Launches . | . . . . . . Drone Recoveries . | . . . . . . Exploration | -11 -10 -9 -8 -7 -7 ------------- Run | Yrd Mat Mat Mat Fac DSF Turns Passed 2057 | 83 1124 216 341 215 78 Spaces Moved 2522 | 63 884 519 517 416 123 Core 554 | 9 . . 6 416 123 Treads . | . . . . . . Legs 667 | 54 613 . . . . Wheels . | . . . . . . Hover . | . . . . . . Flight 1301 | . 271 519 511 . . Fastest Speed 32 | 50 37 32 32 50 50 Average Speed 61 | 110 96 35 33 50 50 Slowest Speed 360 | 120 360 47 117 50 50 Overloaded Moves . | . . . . . . Propulsion Burnouts . | . . . . . . Robots Hopped 32 | . 10 10 12 . . Cave-ins Triggered . | . . . . . . Exploration Rate (%) 47 | 5 81 47 57 9 85 Regions Visited 5 Branch Regions . Pre-discovered Areas . | . . . . . . Known Exits Taken 1 | . . . . 1 . Unknown Exits Taken 4 | 1 1 1 1 . . Scrap Searched . | . . . . . . Spaces Dug 22 | . . 14 8 . . Terrain Destroyed 122 | . . 18 104 . . Melee . | . . . . . . Projectile . | . . . . . . AOE 122 | . . 18 104 . . Terrain Rammed . | . . . . . . Walls Destroyed . | . . . . . . Machines Disabled . | . . . . . . Actions | -11 -10 -9 -8 -7 -7 --------- Run | Yrd Mat Mat Mat Fac DSF Total 2892 | 73 1063 539 661 420 136 Wait 232 | . 95 8 127 . 2 Move 2457 | 62 863 498 496 415 123 Hop 29 | . 10 10 9 . . Pick Up 22 | 3 9 6 2 . 2 Fast Attach 37 | 7 8 4 9 3 6 Attach 15 | . 6 3 4 2 . Detach 11 | 1 6 2 2 . . Swap 6 | . 6 . . . . Drop 22 | . 15 5 2 . . Fire 59 | . 45 3 10 . 1 Melee . | . . . . . . Ram . | . . . . . . Kick . | . . . . . . Crush . | . . . . . . Escape Stasis . | . . . . . . Rewire 2 | . . . . . 2 Trap . | . . . . . . Miscellaneous . | . . . . . . Route ------- -11/Scrapyard -10/Materials (discovered 4 exits: *Mat x2 / [*Min x2]) -9/Materials -8/Materials -7/Factory (discovered 2 exits: [*Low] / DSF) -7/DSF (discovered 1 exit: [*Fac]) History --------- Turn | Location | Event 8 | -11/Scrapyard | Discovered new exit (range 16) 84 | -11/Scrapyard | Entered Materials 307 | -10/Materials | Build established: Mutant 439 | -10/Materials | Discovered new exit (range 8) 876 | -10/Materials | Discovered new exit (range 16) 1052 | -10/Materials | Discovered new exit (range 9) 1084 | -10/Materials | Discovered new exit (range 15) 1188 | -10/Materials | Repaired Flight Unit 1208 | -10/Materials | Entered another Materials area 1208 | -9/Materials | Evolved 2 slots: Propulsion x1, Utility x1 1420 | -9/Materials | Discovered new exit (range 11) 1424 | -9/Materials | Entered another Materials area 1424 | -8/Materials | Evolved 2 slots: Utility x2 1571 | -8/Materials | Lost 3 parts (1p1n1w) 1746 | -8/Materials | Discovered new exit (range 19) 1765 | -8/Materials | Entered Factory 1765 | -7/Factory | Evolved 2 slots: Propulsion x1, Utility x1 1794 | -7/Factory | Lost 7 parts (3n2u2w) 1845 | -7/Factory | Discovered new exit (range 20) 1858 | -7/Factory | Identified exit to DSF 1980 | -7/Factory | Entered DSF 2009 | -7/DSF | Additional patrols routed to DSF 2031 | -7/DSF | Core integrity fell below 50% 2043 | -7/DSF | Core integrity fell below 20% 2052 | -7/DSF | Discovered new exit (range 20) 2058 | -7/DSF | Destroyed by C-17 Slicer with Blade Saw Last Messages --------------- 02029_ Acquired Cesium-ion Thruster. 02029_ Adv. Visual Processing Unit destroyed. 02030_ Hacking Suite destroyed. 02030_ Knocked back. 02031_ Acquired Cesium-ion Thruster. 02035_ Acquired 6 matter. 02035_ Triggered Alarm Trap. 02035_ An alarm sounds. 02039_ Cesium-ion Thruster severed. 02040_ Acquired Arm. Wheel. 02045_ Cesium-ion Thruster destroyed. 02051_ Acquired Com. Wheel. 02052_ EXIT=FOUND 02055_ Arm. Wheel severed. 02056_ ALERT: Suspicious intruders detected, dispatching Cutter reinforcements to area. 02057_ Knocked back. 02057_ Arm. Wheel destroyed. 02057_ Knocked back. 02057_ C-17 Slicer destroyed. Map ----- +----------------------------------------------------+ | | | | | | | | | | | | | | | | | | | | | | | | | | | | | ?????????????????????????????????????????? | | ?????????????????????????????????????????? | | ?????????????????????????????????????????? | | ?##??????????????????????????????????????? | | ?""#?????????????????????????????????????? | | ?#"#?????????????????????????????????????? | | ##"##???????#########??????????####??????? | | """"#########!!===!!########??""""#??????? | | """"##==# #!!===!!#!!!#!!##"""""#??????? | | " %* <""#??????? | | " cc """""????? | | " ## #== ### =###!!!#@!## ""#??????? | | # ### #===#?# ###!!!#!!#?????????????? | | # ##########== ]]########?????????????? | | ==#??????#== ]]#????????????????????? | | #??????#== ]]#????????????????????? | | # ###??????### ###????????????????????? | | = #????????! !!#????????? ?????????? | | #???????!! !!#????????? ?????????? | | #???????!! !!?????????? ?????????? | | # ############ ##??###????? #????????? | | = ## ==#!!!### ##?!!!#??!## ???????? | | = ## = !!!## ##!!!#!!!## ???????? | | % !!???????? | | H !!???????? | | % !!???????? | | % ##]]]#!!!##| ##!!!#!!!## ????????? | | ##]]]#!!!### ##????#????# ????????? | | ###############% ###???????## ##???????? | | ????????????# !#???????!! #???????? | | ????????????# % !!#????????! ????????? | | ????????????# !#????????! ????????? | | ????????????### % ##??????### ##???????? | | ????????????#!! #??????#!! #???????? | | ????????????#!! #???????!! #???????? | | ????????????#!! ########?# #????????? | +----------------------------------------------------+ Best States ------------- Heat Dissipation 41 Coolant Potential 50 Energy Generation 14 Energy Capacity 160 Matter Stores 300 Matter Capacity 300 Sight Range 20 Robot Scan Range 15 Terrain Scan Density 10 ECM Strength 1 Evasion (%) 63 Offensive Hacking 20 Defensive Hacking 20 Authchip Count 1 Trap Extractor Capacity 4 Item Schematics ----------------- None Robot Schematics ------------------ None Fabricated ------------ Nothing Alien Tech Used ----------------- None Achievements -------------- None Challenges ------------ None Game ------ Seed MicrowarpCompositeTendrils Manual? 0 Play Time 00:30:05 Cumulative 82.6 hours Start 2024.03.09 @ 15:14:01 End 2024.03.09 @ 15:43:16 Sessions 1 Manual Loads 0 Difficulty Rogue Special Mode None Game No. 85 Rogue 85 Adventurer 0 Explorer 0 Win Type - Total 0 Types 0/0/0/0/0/0/0/0/0 Lore% 32 Gallery% 47 Achievement% 32 Wizard Run 0 Options --------- Layout 2 ASCII 1 Keyboard 1 Movement Numpad Keybinds 0 Fullscreen 2 Font 32/TamsynBold Map View 50x44 Zoom Use 0% Tactical HUD 1 Map Filters NONE Filters NONE Steam 1 RUN: 44c253e1-baff-4fd2-9815-932f9499c60f